 Dungeon Crawl Stone Soup version 0.31-a0-986-g5e6e4ef867 (webtiles) character file.

Game seed: 2170393286884528180

81 Strat the Ruffian (level 4, -1/36 HPs)
             Began as a Draconian Shapeshifter on Nov 15, 2023.
             Slain by a sleepcap (3 damage)
             ... on level 4 of the Dungeon.
             The game lasted 00:02:16 (1264 turns).

Strat the Ruffian (Draconian Shapeshifter)          Turns: 1264, Time: 00:02:16

Health: -1/36      AC:  5    Str: 18    XL:     4   Next: 20%
Magic:  4/4        EV: 12    Int: 10    God:
Gold:   85         SH:  0    Dex: 11    Spells: 3/3 levels left

rFire   . .          .
                       - Unarmed
rCold   . . .        (no shield)
rNeg    . . .        (body armour unavailable)
rPois   .            (helmet currently unavailable)
rElec   .            (cloak currently unavailable)
rCorr   .            (gloves currently unavailable)
SInv    .            (boots currently unavailable)
Will    .....        (no amulet)
Stlth   +            (no ring)
HPRegen 0.26/turn    (no ring)
MPRegen 0.09/turn

%: no passive effects
@: beast-form
A: beast (slay +2), AC +5, unfitting armour, cold-blooded
a: Begin Untransformation


You were on level 4 of the Dungeon.
You were a hulking beast.
You visited 1 branch of the dungeon, and saw 5 of its levels.

You collected 85 gold pieces.

Inventory:

Armour
 i - a +0 cloak
Talismans
 b - a beast talisman
 c - a flux talisman
Scrolls
 d - 2 scrolls of identify
 e - a scroll of poison {unknown}
 h - a scroll of immolation {unknown}
 j - a scroll of noise {unknown}
 k - a scroll of teleportation {unknown}
 m - a scroll of fear {unknown}
 n - a scroll of torment {unknown}
 o - a scroll of enchant armour {unknown}
 p - a scroll of amnesia {unknown}
Potions
 a - 2 potions of lignification
 f - 2 potions of enlightenment
 g - a potion of magic {unknown}
 l - a potion of brilliance {unknown}


   Skills:
 + Level 2.2 Fighting
 - Level 1.7 Dodging
 * Level 3.9 Unarmed Combat
 * Level 3.8 Shapeshifting


You had 3 spell levels left.
You didn't know any spells.
Your spell library contained the following spells:

 Spells                   Type           Power      Damage    Failure   Level
 Poisonous Vapours        Pois/Air       0%         N/A       50%         2
 Dazzling Flash           Conj/Hex       0%         N/A       75%         3
 Mephitic Cloud           Conj/Pois/Air  0%         N/A       75%         3
 Volatile Blastmotes      Fire/Tloc      0%         2d10      75%         3
 Freezing Cloud           Conj/Ice/Air   0%         6-21      100%        5
 Starburst                Conj/Fire      0%         6d3       100%        6
 Maxwell's Capacitive Co  Air            0%         ∞         100%        8


Dungeon Overview and Level Annotations

Branches:
Dungeon (5/15)
 Temple: D:4-7

Altars:


Innate Abilities, Weirdness & Mutations

You are a hulking beast.
Your limbs bulge with bestial killing power. (Slay +2)
Your plain brown scales are hard. (AC +5)
You cannot fit into any form of body armour.
You are cold-blooded and may be slowed by cold attacks.


Message History

A hound comes into view.
The hound barks!
There is a stone staircase leading down here.
You climb downwards.
Found a jewelled glass wand, 5 stones, a ring mail and a morningstar.
Found a stone staircase leading up.
There is a stone staircase leading up here.
Found a robe.
The sleepcap releases spores at you.
There is a stone staircase leading up, spattered with blood here.
The sleepcap releases spores at you.
You are engulfed in a cloud of soporific spores!
You fall asleep.
You stop ascending the stairs.
The sleepcap releases spores at you!
You wake up.
* * * LOW HITPOINT WARNING * * *
Unknown command.
The sleepcap releases spores at you.
* * * LOW HITPOINT WARNING * * *
You climb upwards.
The ogre shouts!
You hear a bark!
There is a stone staircase leading down here.
As you read the scroll labelled UPETEN ROJO, it crumbles to dust.
It is a scroll of identify.
f - 2 potions of enlightenment The sleepcap completely misses you.
The worm bites you.
* * * LOW HITPOINT WARNING * * *
The sleepcap releases spores at you but does no damage.
The sleepcap releases spores at you.
* * * LOW HITPOINT WARNING * * *
You are engulfed in a cloud of soporific spores!
You fall asleep.
The sleepcap releases spores at you!
You wake up.
* * * LOW HITPOINT WARNING * * *
The sleepcap releases spores at you.
* * * LOW HITPOINT WARNING * * *
You are engulfed in a cloud of soporific spores!
You are unaffected.
The sleepcap attacks as it pursues you! The sleepcap releases spores at you.
You die...

..... ..... ....
....... .....
....# .......
..... #...#
.....# .....
#...##.....
.#... #........
## #.....# #
#...# #h# ..#
##f# # ...###
###..# .
#....###....# ..
#.......O..###..
#.
#.......w.......
#.........##....
. #........##
... ..
##.....### .


You could see an ogre, a sleepcap and a worm.

Vanquished Creatures
  3 adders
  3 worms (D:2)
  A dart slug (D:1)
  2 bats
  7 endoplasms
  A giant cockroach (D:2)
  9 goblins
  3 hobgoblins
  A ball python (D:1)
  A frilled lizard (D:1)
  10 kobolds
  4 rats
45 creatures vanquished.

Notes
Turn   | Place    | Note
-------+----------+-------------------------------------------
     0 | D:1      | Strat the Draconian Shapeshifter began the quest for the
                  | Orb.
     0 | D:1      | Reached XP level 1. HP: 16/16 MP: 1/1
    56 | D:1      | Reached XP level 2. HP: 23/23 MP: 2/2
   515 | D:1      | Reached XP level 3. HP: 27/27 MP: 3/3
   931 | D:2      | Reached XP level 4. HP: 32/36 MP: 4/4
  1194 | D:3      | You fall into a shaft and drop 2 floors!
  1194 | D:5      | Entered Level 5 of the Dungeon
  1211 | D:4      | Noticed a phantom
  1252 | D:4      | Noticed an ogre
  1262 | D:4      | HP: 1/36 [sleepcap (1)]
  1264 | D:4      | Slain by a sleepcap

Illustrated notes

Levels and vault maps discovered:
D:1:      mainiacjoe_arrival_oval_in_oval, layout_rooms
D:2:      layout_rooms
D:3:      layout_loops_corners, amcnicky_altar_gilded, serial_shops,
          nicolae_shop_trees, nicolae_shop_behind_doors, minivault_14
D:4:      lemuel_castle_with_subvaults [lemuel_castle_interior_carwin_2],
          layout_layer_cave
D:5:      minmay_opposing_rooms, layout_basic, minmay_temple_entry_butterflies,
          nicolae_wooded_promenade, uniq_ijyb, uniq_sigmund, uniq_grinder

Skill      XL: |  1  2  3 |
---------------+----------+-----
Fighting       | 2 |  2.2
Dodging        | |  1.7
Unarmed Combat | |  3.9
Shapeshifting  | |  3.8

Action                     |  1- 3 |  4- 6 || total
---------------------------+-------+-------++-------
  Melee: Unarmed           |   110 |    10 ||   120
         Tailslap          |     7 |     2 ||     9
    Use: Scroll            |       |     1 ||     1
 Armour: Skin              |    45 |    15 ||    60
  Dodge: Dodged            |    46 |     7 ||    53

Table legend: (Time is in decaauts)
 A = Elapsed time spent in this place.
 B = Non-inter-level travel time spent in this place.
 C = Inter-level travel time spent in this place.
 D = Time resting spent in this place.
 E = Time spent auto-exploring this place.
 F = Levels seen in this place.
 G = Mean time per level.
                   A        B        C        D        E       F      G
               +--------+--------+--------+--------+--------+-----+--------+
         Total |   1261 |   1232 |     29 |      0 |    896 |   5 |  252.2 |
       Dungeon |   1261 |   1232 |     29 |      0 |    896 |   5 |  252.2 |
               +--------+--------+--------+--------+--------+-----+--------+

Top non-repeatable levels by time:
     D:1: 605 daAuts
     D:2: 541 daAuts
     D:4: 52 daAuts
     D:3: 45 daAuts
     D:5: 16 daAuts
